AoeStats
← omnomnomnivore

Black Forest

509081713Analyzed
3v3 RM · 6d ago on Sep 25, 2026· 37m 2s· 6 players
Game mode
Random Map
Map size
Normal (6 player)
Population
200
Speed
Normal
Resources
Standard
Victory
Conquest
Starting age
Dark Age
Ending age
Imperial Age
RankedLock teamsTeams togetherTeam positionsShared explorationLock speedFull tech treeHidden civsTurbo modeCheats
Victory
Defeat
🇫🇮 Turks · Finland
1625
+9
🇫🇮 Britons · Finland
1605
+9
🇫🇮 Danes · Finland
1580
+10
🇩🇪 Muisca · Germany
1504
-11
🇨🇳 Spanish · China
1442
-9
🇦🇺 Britons · Australia
1413
-8
omnomnomnivore
1:00 Loom
12:27 Feudal Age
15:08 Double-Bit Axe
19:16 Fletching
23:26 Castle Age
27:02 Redemption
27:59 Wheelbarrow
Cowardpunch
1:19 Loom
16:56 Feudal Age
22:04 Castle Age
20:06 Double-Bit Axe
22:11 Fletching
26:18 Horse Collar
32:07 Ballistics
32:32 Bow Saw
无助小羊
0:28 Loom
12:41 Feudal Age
16:27 Castle Age
15:10 Double-Bit Axe
15:34 Scale Barding Armor
17:50 Chain Barding Armor
23:11 Forging
28:09 Wheelbarrow
27:51 Gold Mining
28:14 Bow Saw
28:40 Iron Casting
29:24 Bloodlines
30:26 Husbandry
Ee-meili
1:17 Loom
11:45 Feudal Age
12:21 Loom
13:32 Double-Bit Axe
13:29 Horse Collar
16:36 Castle Age
17:38 Bow Saw
17:30 Heavy Plow
17:49 Scale Mail Armor
20:31 Squires
24:40 Arson
25:52 Wheelbarrow
26:10 Devotion
28:26 Chain Mail Armor
30:37 Forging
31:47 Hand Cart
31:17 Town Watch
31:54 Pikeman
37:46 Imperial Age
35:54 Gambesons
37:48 Iron Casting
Kaarlos
2:07 Loom
6:42 Loom
9:34 Feudal Age
9:37 Man-at-Arms
15:50 Fletching
18:25 Double-Bit Axe
19:59 Horse Collar
21:04 Town Watch
25:50 Castle Age
26:30 Bodkin Arrow
27:33 Bow Saw
27:24 Heavy Plow
31:48 Padded Archer Armor
35:25 Gold Mining
35:26 Stone Mining
36:20 Leather Archer Armor
38:01 Gold Shaft Mining
30Markus
0:26 Loom
15:02 Feudal Age
19:19 Castle Age
17:39 Double-Bit Axe
18:47 Gold Mining
20:03 Fletching
20:33 Horse Collar
23:12 Bodkin Arrow
28:14 Wheelbarrow
28:20 Bow Saw
30:16 Hand Cart
34:06 Imperial Age
32:18 Padded Archer Armor
32:36 Stone Mining
33:19 Ballistics
35:13 Conscription
35:49 Bracer
36:30 Warwolf
37:36 Chemistry
37:45 Leather Archer Armor
37:39 Siege Engineers
Connection lost

Rejoining the realm…

Still unreachable

The connection could not be restored.

Session expired

The server has moved on; the page needs a fresh start.